 Dungeon Crawl Stone Soup version 0.28.0-53-g5a82cb258f (webtiles) character file.

Game seed: 10989121402897608570

77 DocClef the Poker (level 4, 0/33 HPs)
             Began as a Merfolk Gladiator on June 29, 2022.
             Succumbed to an adder's poison
             ... on level 1 of the Dungeon.
             The game lasted 00:01:19 (1625 turns).

DocClef the Poker (Merfolk Gladiator)               Turns: 1625, Time: 00:01:19

Health: 0/33       AC:  4    Str: 16    XL:     4   Next: 34%
Magic:  4/4        EV: 13    Int:  7    God:
Gold:   59         SH:  0    Dex: 15    Spells: 3/3 levels left

rFire   . . .      SeeInvis .   a - +0 trident
rCold   . . .      Faith    .   (no shield)
rNeg    . . .      Spirit   .   b - +0 leather armour
rPois   .          Reflect  .   c - +0 helmet
rElec   .          Harm     .   (no cloak)
rCorr   .          Rampage  .   (no gloves)
Will    .....                   (no boots)
Stlth   +.........              (no amulet)
HPRegen 0.11/turn               (no ring)
MPRegen 0.09/turn               (no ring)

@: lethally poisoned (0 -> -2)
A: (nimble swimmer 2), mertail
a: no special abilities


You were on level 1 of the Dungeon.
You visited 1 branch of the dungeon, and saw 2 of its levels.

You collected 59 gold pieces.

Inventory:

Hand Weapons
 a - a +0 trident (weapon)
Missiles
 d - 3 throwing nets (quivered)
Armour
 b - a +0 leather armour (worn)
 c - a +0 helmet (worn)
Jewellery
 h - a ring of magical power
Scrolls
 g - a scroll of torment {unknown}
 i - a scroll of teleportation {unknown}
Potions
 e - 3 potions of curing {unknown}
 f - a potion of heal wounds {unknown}


   Skills:
 - Level 2.1 Fighting
 + Level 7.3 Polearms
 - Level 2.0 Throwing
 - Level 4.0 Dodging


You had 3 spell levels left.
You didn't know any spells.
Your spell library contained the following spells:

 Spells                   Type           Power      Damage    Failure   Level
 Animate Skeleton         Necr           0%         N/A       50%         1
 Pain                     Necr           0%         1d4       50%         1
 Vampiric Draining        Necr           0%         2d6       86%         3


Dungeon Overview and Level Annotations

Branches:
Dungeon (2/15)

Altars:


Innate Abilities, Weirdness & Mutations

((You are very nimble when in or above water. (Stealth+, EV+, Speed+++)))
Your lower body shifts to a powerful aquatic tail in water.


Message History

You are too injured to fight recklessly!
Unknown command.
Found a ring mail.
You feel sick. The bat misses you.
You feel sick.
A rat comes into view.
Found a stone staircase leading up.
You feel sick.
You are no longer poisoned.
The bat hits you but does no damage. The adder barely misses you.
There is a stone staircase leading up here.
The bat hits you but does no damage. The adder barely misses you.
You climb upwards.
There is a stone staircase leading down here.
You miss the adder.
The adder is moderately wounded.
The adder closely misses you.
You barely miss the adder.
The adder is moderately wounded.
The adder closely misses you.
You miss the adder.
The adder is moderately wounded.
The adder closely misses you. The adder bites you.
* * * LOW HITPOINT WARNING * * *
You are poisoned.
The adder poisons you!
You barely miss the adder. You punch the adder.
The adder is heavily wounded.
* * * LOW HITPOINT WARNING * * *
You feel sick. The adder misses you.
You hit the adder.
The adder is severely wounded.
* * * LOW HITPOINT WARNING * * *
You feel sick. The adder misses you.
You miss the adder.
The adder is severely wounded.
* * * LOW HITPOINT WARNING * * *
You feel sick. The adder bites you.
* * * LOW HITPOINT WARNING * * *
You barely miss the adder.
The adder is severely wounded.
You die...

...# #.##...# ...#
#.###.)##########
#########.###...#.......#
#####...........#.#####.#
......###.####..#.# #.# #######
#.####..#.# #.# )## #.......#.#
#.# ..# #######S#.# #(#########
.## #......@.# #.......... ##
##### #.######.# ##########.
####...###.#....#.# #.
........##.#.##.#.##############.
.....⌠..##.#.#.(#.##.........†...
....[.|.##.#....#.##.############
####...##..#...(#....#
##'###.##....###.)# ###..#
#.##......†..#


You could see an adder.

Vanquished Creatures
  3 gnolls
  An adder (D:2)
  3 dart slugs
  4 endoplasms
  2 giant cockroaches (D:1)
  5 goblins
  2 hobgoblins (D:1)
  3 kobolds
  A quokka (D:1)
  6 ball pythons
  3 bats
  A frilled lizard (D:1)
  2 rats
36 creatures vanquished.

Notes
Turn   | Place    | Note
-------+----------+-------------------------------------------
     0 | D:1      | DocClef the Merfolk Gladiator began the quest for the Orb.
     0 | D:1      | Reached XP level 1. HP: 16/16 MP: 1/1
   107 | D:1      | Reached skill level 5 in Polearms
   109 | D:1      | Reached XP level 2. HP: 14/22 MP: 2/2
   582 | D:1      | Reached skill level 6 in Polearms
   582 | D:1      | Reached XP level 3. HP: 27/27 MP: 3/3
  1190 | D:2      | Reached skill level 7 in Polearms
  1190 | D:2      | Reached XP level 4. HP: 4/33 MP: 4/4
  1624 | D:1      | HP: 1/33 [adder (2)]
  1625 | D:1      | Succumbed to an adder's poison

Illustrated notes

Levels and vault maps discovered:
D:1:      minmay_arrival_split_and_join, layout_basic
D:2:      layout_rooms, hangedman_abyss_or_decor_lesser_grid

Skill      XL: |  1  2  3 |
---------------+----------+-----
Polearms       | 5 6 7 |  7.3
Fighting       | |  2.1
Throwing       | |  2.0
Dodging        | |  4.0

Action                   |  1- 3 |  4- 6 || total
-------------------------+-------+-------++-------
Melee: Trident           |    78 |    34 ||   112
       Punch             |     1 |     1 ||     2
 Stab: Distracted        |     1 |       ||     1
Armor: Leather armour    |     5 |    15 ||    20
Dodge: Dodged            |    33 |    33 ||    66
